Map: [ESL] NeoHumanity

Players

Lambo

  • Race: Zerg Zerg
  • Spawn Location: 5:00

Serral - Winner!

  • Race: Zerg Zerg
  • Spawn Location: 11:00

VOD

Have the link to the VOD?

Description

Time

  • Played on: Sept. 6, 2023, 6:34 a.m.
  • Length: 7:08
Show
View Real Time Build Order
Export as new Build Order

Lambo Zerg 

Build Orders: Hatch First 

Get SALT Encoding   

  12  0:00  Drone  
  13  0:12  Overlord  
  13  0:17  Drone  
  14  0:30  Drone x2  
  16  0:47  Hatchery  
  15  0:50  Drone  
  15  0:53  Drone  
  15  0:57  Drone  
  18  1:07  Extractor  
  17  1:12  Spawning Pool  
  17  1:15  Drone  
  17  1:18  Drone  
  18  1:27  Drone  
  19  1:38  Drone  
  20  1:48  Drone  
  21  1:59  Queen x2  
  21  2:00  Overlord, Zergling x2  
  26  2:08  Metabolic Boost  
  26  2:09  Drone  
  26  2:10  Drone  
  28  2:20  Drone  
  28  2:21  Zergling x2  
  30  2:31  Drone  
  30  2:32  Drone  
  32  2:39  Hatchery  
  32  2:41  Drone  
  32  2:46  Baneling Nest  
  32  2:49  Overlord  
  31  2:53  Drone  
  31  2:55  Drone  
  33  3:04  Zergling x2  
  34  3:06  Drone  
  34  3:08  Drone x3  
  34  3:09  Zergling x2  
  34  3:11  Zergling x2  
  40  3:17  Overlord  
  40  3:18  Zergling x2  
  41  3:21  Overlord  
  41  3:26  Queen  
  43  3:31  Drone  
  44  3:35  Baneling x2  
  44  3:36  Drone  
  45  3:42  Drone x6  
  45  3:44  Drone  
  45  3:47  Drone  
  52  3:51  Drone  
  52  3:54  Drone x2  
  55  3:55  Unknown  
  54  4:03  Lair  
  54  4:07  Drone x3  
  55  4:19  Drone  
  55  4:20  Baneling  
  55  4:23  Drone  
  55  4:24  Zergling x10, Roach Warren  
  61  4:32  Drone  
  61  4:35  Evolution Chamber, Drone x2  
  61  4:36  Overlord  
  62  4:43  Overlord  
  62  4:52  Overlord  
  62  4:53  Drone x3  
  62  4:54  Overlord x2  
  62  4:55  Overlord, Extractor  
  62  4:57  Overlord  
  64  5:09  Roach x6  
  64  5:10  Glial Reconstitution  
  64  5:11  Zerg Missile Weapons Level 1  
  75  5:18  Roach x2  
  79  5:25  Roach x6  
  90  5:28  Overlord  
  90  5:34  Roach x3  
  96  5:41  Overlord  
  94  5:43  Overlord  
  94  5:44  Roach  
  96  5:50  Roach x2  
  96  5:51  Roach  
  96  5:53  Roach  
  104  5:57  Roach x2  
  104  6:01  Roach  
  102  6:08  Roach x4  
  110  6:14  Roach x2  
  113  6:19  Roach x2  
  113  6:23  Roach  
  121  6:25  Roach  
  121  6:28  Roach  
  121  6:32  Roach  
  125  6:37  Roach x2  
  122  6:41  Roach x2  
  122  6:45  Roach x3  
  107  6:48  Roach  
  97  6:56  Ravager  
Show
View Real Time Build Order
Export as new Build Order

Serral Zerg - Winner!

Build Orders: Hatch First 

Get SALT Encoding   

  12  0:00  Drone  
  13  0:12  Overlord  
  13  0:16  Drone  
  14  0:30  Drone x2  
  16  0:48  Hatchery  
  15  0:51  Drone  
  15  0:55  Drone  
  17  0:58  Drone  
  18  1:09  Extractor  
  17  1:12  Spawning Pool  
  17  1:16  Drone  
  17  1:19  Drone  
  18  1:28  Drone  
  19  1:38  Drone  
  20  1:49  Drone  
  21  2:00  Zergling x2, Queen x2  
  21  2:01  Overlord  
  26  2:08  Metabolic Boost  
  26  2:10  Drone  
  26  2:11  Drone  
  28  2:21  Zergling x2  
  28  2:22  Drone  
  30  2:32  Hatchery  
  30  2:35  Drone  
  30  2:38  Drone  
  31  2:44  Drone  
  31  2:48  Baneling Nest  
  31  2:49  Overlord  
  31  2:55  Zergling x2  
  31  2:56  Drone  
  33  3:05  Zergling x2, Drone  
  34  3:11  Drone x3  
  34  3:12  Zergling x4  
  40  3:18  Overlord, Drone  
  41  3:21  Zergling x2  
  42  3:29  Queen  
  42  3:32  Baneling x2  
  44  3:38  Drone x2  
  44  3:40  Drone, Roach Warren  
  45  3:44  Drone x2  
  45  3:46  Drone  
  45  3:48  Drone x2  
  50  3:53  Overlord  
  50  3:54  Drone  
  51  3:56  Zergling x2  
  51  3:59  Drone x2  
  54  4:04  Drone x2  
  54  4:06  Unknown  
  54  4:09  Overlord  
  55  4:10  Baneling  
  55  4:12  Zergling x2  
  54  4:17  Drone x2  
  54  4:22  Extractor x2, Lair  
  54  4:24  Spine Crawler  
  53  4:25  Evolution Chamber  
  53  4:26  Zergling x2  
  53  4:27  Drone x2  
  53  4:31  Drone  
  56  4:34  Drone x3  
  59  4:39  Drone x2  
  59  4:43  Baneling  
  61  4:46  Baneling  
  61  4:47  Roach  
  61  4:50  Roach x2  
  61  4:51  Roach  
  69  4:54  Zerg Missile Weapons Level 1, Drone  
  69  4:57  Overlord  
  72  5:00  Roach x2  
  72  5:02  Overlord  
  74  5:08  Overlord  
  74  5:10  Overlord  
  73  5:16  Drone x5  
  73  5:18  Drone  
  79  5:22  Drone x4  
  79  5:25  Overlord  
  79  5:28  Overlord  
  83  5:29  Drone  
  83  5:33  Roach x2  
  88  5:38  Baneling x2, Roach x2  
  91  5:43  Roach  
  91  5:44  Roach x2  
  91  5:45  Glial Reconstitution  
  91  5:48  Overseer  
  97  5:51  Roach x2  
  97  5:52  Roach  
  103  5:59  Roach x4  
  110  6:06  Roach x4  
  118  6:15  Roach x2  
  121  6:21  Ravager  
  121  6:23  Overlord x2  
  122  6:26  Spine Crawler  
  122  6:27  Ravager  
  122  6:31  Overlord  
  122  6:38  Roach x2  
  120  6:41  Roach x11  
  120  6:43  Roach  
  120  6:46  Roach x2  
  127  6:54  Ravager x2  
  129  7:03  Ravager  
Tags
 
Add a new tag
Caveats
  • Supply blocks, unpowered buildings, or Contaminate may cause inaccurate times.
  • Supply counts are checked every 10 seconds.